Map: 2000 Atmospheres LE

Players

A.I. 2 (Elite)

  • Race: Terran Terran

Zorohm - Winner!

  • Race: Zerg Zerg
  • League: Diamond

VOD

Have the link to the VOD?

Description

Time

  • Played on: Jan. 22, 2022, 3:45 p.m.
  • Length: 6:24
Show
View Real Time Build Order
Export as new Build Order

A.I. 2 (Elite) Terran 

Build Orders:  

Get SALT Encoding   

  12  0:00  SCV  
  13  0:13  SCV  
  14  0:18  Supply Depot  
  14  0:25  SCV  
  15  0:39  SCV  
  16  0:43  Barracks  
  16  0:51  SCV  
  17  1:04  SCV  
  18  1:16  SCV  
  19  1:18  Command Center  
  19  1:32  Marine  
  19  1:33  Orbital Command  
  20  1:45  Supply Depot  
  20  1:50  Marine, Refinery  
  21  1:58  SCV  
  22  2:08  Marine  
  22  2:10  Barracks, SCV  
  24  2:16  Refinery  
  24  2:22  SCV  
  25  2:26  Marine  
  25  2:29  Supply Depot  
  26  2:34  SCV  
  27  2:44  Orbital Command  
  27  2:47  Marine  
  27  2:50  SCV  
  29  2:59  Factory  
  29  3:02  SCV  
  29  3:04  Marine  
  31  3:06  Marine  
  31  3:10  SCV  
  33  3:14  SCV  
  34  3:21  Marine  
  34  3:22  SCV  
  34  3:24  Marine  
  34  3:27  SCV  
  38  3:30  Barracks  
  38  3:34  SCV  
  38  3:39  SCV  
  38  3:40  Barracks Tech Lab  
  40  3:43  Factory Tech Lab, Barracks Tech Lab  
  40  3:46  Starport  
  40  3:48  SCV  
  41  3:51  SCV  
  42  3:57  Marine  
  42  4:00  SCV  
  42  4:01  Stimpack, Marine, Combat Shield  
  45  4:03  SCV  
  45  4:05  Supply Depot  
  46  4:13  SCV  
  46  4:15  SCV  
  48  4:17  Marine  
  48  4:18  Marine  
  48  4:19  Marine  
  51  4:25  SCV  
  51  4:27  Supply Depot, SCV  
  51  4:29  Medivac  
  55  4:37  SCV  
  56  4:39  SCV  
  56  4:40  Marine  
  56  4:41  Marine, Supply Depot  
  56  4:43  Siege Tank  
  56  4:44  Marine  
  62  4:49  SCV  
  62  4:51  SCV  
  62  4:52  Supply Depot  
  64  4:59  Engineering Bay  
  64  5:01  Marauder, SCV  
  64  5:03  Marauder, Engineering Bay  
  69  5:09  SCV  
  69  5:10  Refinery  
  69  5:13  SCV  
  71  5:15  Refinery  
  71  5:22  Marauder, SCV  
  71  5:24  Marauder  
  71  5:25  SCV  
  71  5:27  Supply Depot  
  77  5:29  Marine  
  77  5:34  SCV  
  65  5:37  SCV  
  56  5:44  Marauder  
  56  5:45  Marine  
  56  5:46  SCV  
  56  5:47  Marine  
  53  5:54  SCV  
  40  5:58  SCV  
  40  6:03  Marine  
  42  6:05  Marine x2  
  42  6:06  SCV  
Show
View Real Time Build Order
Export as new Build Order

Zorohm Zerg - Winner!

Build Orders: Hatch First 

Get SALT Encoding   

  12  0:01  Drone  
  13  0:12  Overlord  
  13  0:17  Drone  
  14  0:30  Drone x2  
  16  0:48  Hatchery  
  15  0:51  Drone  
  15  0:54  Drone  
  17  0:58  Drone  
  18  1:08  Extractor  
  17  1:13  Spawning Pool  
  17  1:16  Drone  
  17  1:19  Drone  
  18  1:27  Drone  
  19  1:38  Overlord  
  19  1:49  Drone  
  20  2:00  Queen x2  
  20  2:01  Zergling x4  
  26  2:12  Metabolic Boost  
  26  2:13  Drone x2  
  28  2:21  Drone  
  28  2:22  Drone  
  30  2:35  Queen x2  
  34  2:42  Overlord x2  
  34  2:59  Hatchery  
  34  3:00  Drone  
  34  3:01  Drone  
  34  3:03  Drone  
  36  3:05  Drone  
  36  3:09  Drone  
  36  3:10  Drone  
  39  3:14  Drone  
  39  3:16  Drone  
  39  3:19  Drone  
  42  3:21  Drone  
  42  3:23  Drone  
  42  3:26  Extractor  
  43  3:32  Roach Warren  
  42  3:50  Overlord x2  
  42  3:51  Overlord  
  42  4:18  Roach x12  
  66  4:35  Zergling x8  
  66  4:36  Zergling x4  
  72  4:42  Overlord  
  72  4:43  Zergling x2  
  73  4:46  Zergling x2  
  73  4:51  Zergling x14  
  79  4:59  Overlord  
  79  5:00  Zergling x4  
  79  5:03  Zergling x2  
  79  5:04  Zergling x2  
  79  5:06  Zergling x2  
  84  5:12  Ravager x4  
  84  5:13  Zergling x2  
  90  5:14  Zergling x2  
  90  5:33  Zergling x2  
  90  5:34  Zergling x18  
  91  5:46  Baneling Nest  
  87  5:51  Evolution Chamber  
  87  5:53  Overlord  
  87  5:54  Drone  
  87  5:55  Drone  
  88  5:59  Drone x2  
  88  6:02  Drone  
  89  6:04  Drone  
  89  6:05  Drone  
  89  6:09  Drone x2  
Tags
 
Add a new tag
Caveats
  • Supply blocks, unpowered buildings, or Contaminate may cause inaccurate times.
  • Supply counts are checked every 10 seconds.